 Dungeon Crawl Stone Soup version 0.23-a0-703-gdf2d5e0 (webtiles) character file.

44 zishaf the Charlatan (level 3, -1/21 HPs)
             Began as a Kobold Artificer on Jan 14, 2019.
             Slain by an adder (4 damage)
             ... on level 3 of the Dungeon.
             The game lasted 00:03:55 (1962 turns).

zishaf the Charlatan (Kobold Artificer)             Turns: 1962, Time: 00:03:55

Health: -1/21      AC:  5    Str: 10    XL:     3   Next: 85%
Magic:  6/6        EV: 13    Int: 12    God:
Gold:   65         SH:  0    Dex: 15    Spells: 2/2 levels left

rFire    . . .     SeeInvis .   a - +0 rapier
rCold    . . .     Gourm    .   (shield restricted)
rNeg     . . .     Faith    .   i - +0 ring mail
rPois    .         Spirit   .   (no helmet)
rElec    .         Reflect  .   (no cloak)
rCorr    .         Harm     .   (no gloves)
MR       .....                  (no boots)
Stlth    +.........             (no amulet)
HPRegen  0.07/turn              (no ring)
MPRegen  0.10/turn              (no ring)

@: lethally poisoned (-1 -> -9)
A: small, carnivore
a: no special abilities


You were on level 3 of the Dungeon.
You were completely stuffed.

You visited 1 branch of the dungeon, and saw 3 of its levels.

You collected 65 gold pieces.

Inventory:

Hand Weapons
 a - a +0 rapier (weapon)
Missiles
 h - 62 stones
 n - 6 tomahawks (quivered)
Armour
 i - a +0 ring mail (worn)
Wands
 c - a wand of flame (15)
 d - a wand of enslavement (15)
 e - a wand of random effects (15)
Scrolls
 g - a scroll of magic mapping {unknown}
 j - 3 scrolls of identify {unknown}
 k - a scroll of fear {unknown}
 m - 2 scrolls of amnesia {unknown}
 p - 2 scrolls of remove curse {unknown}
 s - a scroll of teleportation {unknown}
Potions
 b - 3 potions of heal wounds {unknown}
 l - 2 potions of berserk rage {unknown}
 q - a potion of mutation {unknown}
 r - a potion of degeneration {unknown}
Comestibles
 f - 6 rations
 o - 6 chunks of flesh


   Skills:
 + Level 1.8 Fighting
 + Level 2.2 Short Blades
 + Level 3.0 Dodging
 + Level 2.4 Stealth
 + Level 4.0 Evocations


You had 2 spell levels left.
You didn't know any spells.
Your spell library was empty.

Dungeon Overview and Level Annotations

Branches:
Dungeon (3/15)

Altars:
Elyvilon
Yredelemnul
The Shining One


Innate Abilities, Weirdness & Mutations

You are small and have problems with some larger weapons.
You are carnivorous and can eat meat at any time.


Message History

The worm is almost dead.
You puncture the worm!
You kill the worm!
The adder barely misses you.
You hit the adder.
The adder is moderately wounded.
The adder bites you.
You are poisoned.
The adder poisons you!
You miss the adder.
The adder is moderately wounded.
You feel sick. The adder completely misses you. The adder bites you.
* * * LOW HITPOINT WARNING * * *
You are more poisoned.
The adder poisons you!
You barely miss the adder.
The adder is moderately wounded.
* * * LOW HITPOINT WARNING * * *
You feel sick. The adder bites you.
You die...

....# ....# .. ..
....# ..### .######
....#####..... .?....
............##..(...
............. .#...
............. ...
####......... #S#
#.........###@#
#.........#...#
##...####.#.### #...#
#.#.# #...# #.#.#
#...# #.#.#
#...####.#.#
#####...##.....#
...).......#.########


You could see an adder.

Vanquished Creatures
  A worm (D:3)
  A dart slug (D:2)
  2 leopard geckos
  An orc (D:2)
  2 giant cockroaches (D:2)
  3 goblins
  4 hobgoblins
  7 jackals (D:3)
  3 bats
  4 kobolds
  3 rats
  A spectral orc (D:2)
32 creatures vanquished.

Notes
Turn   | Place    | Note
-------+----------+-------------------------------------------
     0 | D:1      | zishaf the Kobold Artificer began the quest for the Orb.
     0 | D:1      | Reached XP level 1. HP: 12/12 MP: 3/3
   370 | D:1      | Reached XP level 2. HP: 14/16 MP: 4/4
   854 | D:2      | Found a glowing golden altar of the Shining One.
  1090 | D:2      | Found a white marble altar of Elyvilon.
  1094 | D:2      | Reached XP level 3. HP: 13/20 MP: 5/5
  1508 | D:2      | Found a basalt altar of Yredelemnul.
  1713 | D:3      | Reached skill level 4 in Evocations
  1962 | D:3      | Slain by an adder

Vault maps used:
D:1:      minmay_arrival_plants_in_alcoves
D:2:      old_standard_altar, yredelemnul_forgotten_temple_becter,
          tso_metal_star, serial_forest, infiniplex_forest_clump_small,
          infiniplex_forest_straight_5, infiniplex_forest_diagonal,
          infiniplex_forest_straight_3, infiniplex_forest_lined_3,
          infiniplex_forest_lined_1
D:3:      gammafunk_temple_overflow_elements

Skill      XL: |  1  2  3 |
---------------+----------+-----
Stealth        | 2 |  2.4
Short Blades   | 2 |  2.2
Evocations     | 4 |  4.0
Dodging        | 3 |  3.0
Fighting       | |  1.8

Action                   || total
-------------------------++-------
Melee: Short sword       ||   159
       Rapier            ||    11
Throw: Tomahawk          ||     4
 Stab: Sleeping          ||     3
  Eat: Chunk             ||    12
Armor: Leather armour    ||    13
       Ring mail         ||    39
Dodge: Dodged            ||   134

Table legend:
 A = Non-vault XP
 B = Vault XP
 C = Vault XP percentage of total XP
 D = Non-vault monster count
 E = Vault monster count
 F = Vault count percentage of total count
                 A         B        C        D         E       F
            +---------+---------+-------+---------+---------+-------
      Total |      62 |       1 |   1.6 |      31 |       1 |   3.1
            +---------+---------+-------+---------+---------+-------
        D:1 |      19 |       0 |   0.0 |      12 |       0 |   0.0
        D:2 |      17 |       1 |   5.6 |       7 |       1 |  12.5
        D:3 |      26 |       0 |   0.0 |      12 |       0 |   0.0
            +---------+---------+-------+---------+---------+-------
